3AA
OTTAWA NATIONALS @ BILLINGS POLAR BEARS
09/03/2032
 
TOP OF THE 1ST
Ottawa Nationals batting - Pitching for Billings Polar Bears : RHP Stanley Kent
Pitching: RHP Stanley Kent
Batting: RHB Pancho Rodríguez 0-0: Ball
1-0: Ball
2-0: Called Strike
2-1: Ball
3-1: Ball
Batting: RHB Miguel González 0-0: Ball
1-0: Called Strike
1-1: Ball
2-1: Fly out, F7 (Flyball, 78M)
Batting: LHB Ed Mellor 0-0: Ball
1-0: Ground out 4-3 (Groundball, 34)
Pancho Rodríguez to second
Batting: RHB Mike Jennings 0-0: Ball
1-0: Ball
2-0: Called Strike
2-1: Called Strike
2-2: Strikes out swinging
Top of the 1st over - 0 runs, 0 hits, 0 errors, 1 left on base; Ottawa 0 - Billings 0
BOTTOM OF THE 1ST
Billings Polar Bears batting - Pitching for Ottawa Nationals : RHP Fernando Espinosa
Pitching: RHP Fernando Espinosa
Batting: SHB Jorge Alou 0-0: Called Strike
0-1: Foul Ball, location: 2F
0-2: Ball
1-2: Ball
2-2: Foul Ball, location: 2F
2-2: Ball
3-2: Foul Ball, location: 2F
3-2: Base on Balls
Batting: LHB Mo-ruo Teoh 0-0: Called Strike
Jorge Alou steals 2nd base
0-1: Called Strike
0-2: Strikes out swinging
Batting: LHB Mark Armstead 0-0: Called Strike
0-1: Ball
1-1: SINGLE (Groundball, 3D)
Jorge Alou to third
Runner from 3rd tries for Home, throw and OUT!
Batting: SHB Kilipaki Malamapono 0-0: DOUBLE (Line Drive, 78D)
Mark Armstead to third
Runner from 3rd tries for Home, throw and OUT!
Bottom of the 1st over - 0 runs, 2 hits, 0 errors, 1 left on base; Ottawa 0 - Billings 0
TOP OF THE 2ND
Ottawa Nationals batting - Pitching for Billings Polar Bears : RHP Stanley Kent
Batting: LHB Carlos Cirilli 0-0: Called Strike
0-1: Swinging Strike
0-2: Foul Ball, location: 2F
0-2: Foul Ball, location: 2F
0-2: Strikes out swinging
Batting: RHB Júlio Robles 0-0: Ball
1-0: Foul Ball, location: 2F
1-1: Ground out 3-1 (Groundball, 34S)
Batting: RHB Vincente Fuentes 0-0: SINGLE (Line Drive, 78M)
Batting: LHB Jesús Mancía 0-0: Called Strike
0-1: Ball
1-1: Foul Ball, location: 2F
1-2: Strikes out swinging
Top of the 2nd over - 0 runs, 1 hit, 0 errors, 1 left on base; Ottawa 0 - Billings 0
BOTTOM OF THE 2ND
Billings Polar Bears batting - Pitching for Ottawa Nationals : RHP Fernando Espinosa
Batting: LHB Jorge Vélez 0-0: Called Strike
0-1: Ball
1-1: Fly out, F8 (Flyball, 89D)
Batting: RHB Luis Pérez 0-0: Swinging Strike
0-1: Ball
1-1: Ball
2-1: Fly out, F6 (Popup, P)
Batting: RHB Mick Spargo 0-0: Swinging Strike
0-1: Foul Ball, location: 2F
0-2: Ball
1-2: Ball
2-2: SINGLE (Groundball, 6MD)
Batting: RHB Corey Dudding 0-0: Ball
1-0: Fielders Choice at 2nd, 6-4 (Groundball, 6)
Bottom of the 2nd over - 0 runs, 1 hit, 0 errors, 1 left on base; Ottawa 0 - Billings 0
TOP OF THE 3RD
Ottawa Nationals batting - Pitching for Billings Polar Bears : RHP Stanley Kent
Batting: RHB Yang-joo Pak 0-0: DOUBLE (Line Drive, 89D)
Batting: RHB Pancho Rodríguez 0-0: Swinging Strike
0-1: Ball
1-1: Ball
2-1: Ball
3-1: Fly out, F4 (Line Drive, 4)
Batting: RHB Miguel González 0-0: Ball
1-0: Swinging Strike
1-1: Ball
2-1: Ball
3-1: Called Strike
3-2: Strikes out swinging
Batting: LHB Ed Mellor 0-0: Foul Ball, location: 2F
0-1: Foul Ball, location: 2F
0-2: Ball
1-2: Ball
2-2: Ball
3-2: Foul Ball, location: 2F
3-2: Foul Ball, location: 2F
3-2: Foul Ball, location: 2F
3-2: Base on Balls
Batting: RHB Mike Jennings 0-0: Ball
1-0: Called Strike
1-1: Foul Ball, location: 2F
1-2: Fly out, F7 (Flyball, 7S)
Top of the 3rd over - 0 runs, 1 hit, 0 errors, 2 left on base; Ottawa 0 - Billings 0
BOTTOM OF THE 3RD
Billings Polar Bears batting - Pitching for Ottawa Nationals : RHP Fernando Espinosa
Batting: RHB Chuk-yan Yang 0-0: Foul Ball, location: 2F
0-1: Foul Ball, location: 2F
0-2: Ball
1-2: Strikes out swinging
Batting: SHB Jorge Alou 0-0: Ball
1-0: Foul Ball, location: 2F
1-1: Foul Ball, location: 2F
1-2: Foul Ball, location: 2F
1-2: Fly out, F5 (Popup, 5S)
Batting: LHB Mo-ruo Teoh 0-0: Called Strike
0-1: Swinging Strike
0-2: Foul Ball, location: 2F
0-2: Fly out, F6 (Popup, 6M)
Bottom of the 3rd over - 0 runs, 0 hits, 0 errors, 0 left on base; Ottawa 0 - Billings 0
TOP OF THE 4TH
Ottawa Nationals batting - Pitching for Billings Polar Bears : RHP Stanley Kent
Batting: LHB Carlos Cirilli 0-0: Called Strike
0-1: Swinging Strike
0-2: Ball
1-2: Ball
2-2: Ball
3-2: Base on Balls
Batting: RHB Júlio Robles 0-0: Ball
1-0: Fielders Choice at 2nd, 4-6 (Groundball, 4)
Batting: RHB Vincente Fuentes 0-0: Called Strike
0-1: Ball
1-1: Called Strike
1-2: Ball
2-2: Grounds into double play, 6-4-3 (Groundball, 6)
Top of the 4th over - 0 runs, 0 hits, 0 errors, 0 left on base; Ottawa 0 - Billings 0
BOTTOM OF THE 4TH
Billings Polar Bears batting - Pitching for Ottawa Nationals : RHP Fernando Espinosa
Batting: LHB Mark Armstead 0-0: Foul Ball, location: 2F
0-1: Ball
1-1: Ball
2-1: Called Strike
2-2: Ball
3-2: Base on Balls
Batting: SHB Kilipaki Malamapono 0-0: Ball
1-0: Ground out U3 (Groundball, 34S)
Mark Armstead to second
Batting: LHB Jorge Vélez 0-0: Foul Ball, location: 2F
0-1: Called Strike
0-2: Strikes out swinging
Batting: RHB Luis Pérez 0-0: Called Strike
0-1: Swinging Strike
0-2: Strikes out swinging
Bottom of the 4th over - 0 runs, 0 hits, 0 errors, 1 left on base; Ottawa 0 - Billings 0
TOP OF THE 5TH
Ottawa Nationals batting - Pitching for Billings Polar Bears : RHP Stanley Kent
Batting: LHB Jesús Mancía 0-0: Foul Ball, location: 2F
0-1: Ball
1-1: Called Strike
1-2: Strikes out looking
Batting: RHB Yang-joo Pak 0-0: Called Strike
0-1: Ball
1-1: Ball
2-1: SINGLE (Line Drive, 8LS)
Batting: RHB Pancho Rodríguez 0-0: Ball
1-0: Foul Ball, location: 2F
1-1: Foul Ball, location: 2F
1-2: SINGLE (Groundball, 56D)
Yang-joo Pak to second
Batting: RHB Miguel González 0-0: Called Strike
0-1: Foul Ball, location: 2F
0-2: Strikes out looking
Batting: LHB Ed Mellor 0-0: Called Strike
0-1: Ball
1-1: Ball
2-1: Fly out, F7 (Flyball, 7S)
Top of the 5th over - 0 runs, 2 hits, 0 errors, 2 left on base; Ottawa 0 - Billings 0
BOTTOM OF THE 5TH
Billings Polar Bears batting - Pitching for Ottawa Nationals : RHP Fernando Espinosa
Batting: RHB Mick Spargo 0-0: Ball
1-0: Swinging Strike
1-1: Foul Ball, location: 2F
1-2: Strikes out swinging
Batting: RHB Corey Dudding 0-0: Ball
1-0: Foul Ball, location: 2F
1-1: SINGLE (Groundball, 6MD)
Batting: RHB Chuk-yan Yang 0-0: Called Strike
0-1: Ball
1-1: Foul Ball, location: 2F
1-2: Ball
2-2: Fly out, F7 (Flyball, 78M)
Batting: SHB Jorge Alou 0-0: Ball
1-0: Ball
2-0: Called Strike
2-1: Foul Ball, location: 2F
2-2: Ball
3-2: Base on Balls
Corey Dudding to second
Batting: LHB Mo-ruo Teoh 0-0: Ground out U3 (Groundball, 3)
Bottom of the 5th over - 0 runs, 1 hit, 0 errors, 2 left on base; Ottawa 0 - Billings 0
TOP OF THE 6TH
Ottawa Nationals batting - Pitching for Billings Polar Bears : RHP Stanley Kent
Batting: RHB Mike Jennings 0-0: Ball
1-0: Ground out 5-3 (Groundball, 5S)
Batting: LHB Carlos Cirilli 0-0: Fly out, F7 (Line Drive, 7LM)
Batting: RHB Júlio Robles 0-0: Called Strike
0-1: Called Strike
0-2: Strikes out looking
Top of the 6th over - 0 runs, 0 hits, 0 errors, 0 left on base; Ottawa 0 - Billings 0
BOTTOM OF THE 6TH
Billings Polar Bears batting - Pitching for Ottawa Nationals : RHP Fernando Espinosa
Pitching: LHP Eric Holder
Batting: LHB Mark Armstead 0-0: Called Strike
0-1: Ball
1-1: Ball
2-1: Ball
3-1: Base on Balls
Batting: SHB Kilipaki Malamapono 0-0: Ball
1-0: Swinging Strike
1-1: Swinging Strike
1-2: Foul Ball, location: 2F
1-2: Strikes out swinging
Batting: LHB Jorge Vélez 0-0: Called Strike
0-1: Swinging Strike
0-2: Fly out, F8 (Flyball, 8RD)
Batting: RHB Luis Pérez 0-0: SINGLE (Flyball, 7LS)
Mark Armstead to second
Batting: RHB Mick Spargo 0-0: Called Strike
0-1: Foul Ball, location: 2F
0-2: Foul Ball, location: 2F
0-2: Ball
1-2: Ball
2-2: Foul Ball, location: 2F
2-2: Fielders Choice at 2nd, 5-4 (Groundball, 5)
Bottom of the 6th over - 0 runs, 1 hit, 0 errors, 2 left on base; Ottawa 0 - Billings 0
TOP OF THE 7TH
Ottawa Nationals batting - Pitching for Billings Polar Bears : RHP Stanley Kent
Batting: RHB Vincente Fuentes 0-0: Ball
1-0: Called Strike
1-1: SINGLE (Line Drive, 78S)
Pitching: RHP Fernando Ramírez
Batting: LHB Jesús Mancía 0-0: Sac Bunt - play at first, batter OUT! 5-4
Vincente Fuentes to second
Batting: RHB Yang-joo Pak 0-0: Called Strike
0-1: Ball
1-1: Called Strike
1-2: Foul Ball, location: 2F
1-2: Ball
2-2: Ball
3-2: Foul Ball, location: 2F
3-2: Ground out 5-3 (Groundball, 5S)
Vincente Fuentes to third
Batting: RHB Pancho Rodríguez 0-0: Called Strike
0-1: Swinging Strike
0-2: Strikes out swinging
Top of the 7th over - 0 runs, 1 hit, 0 errors, 1 left on base; Ottawa 0 - Billings 0
BOTTOM OF THE 7TH
Billings Polar Bears batting - Pitching for Ottawa Nationals : LHP Eric Holder
Batting: RHB Corey Dudding 0-0: Called Strike
0-1: Ball
1-1: Ground out 6-3 (Groundball, 6)
Batting: RHB Chuk-yan Yang 0-0: Called Strike
0-1: Ball
1-1: Fly out, F6 (Popup, 6M)
Pinch Hitting: RHB Jun Kung 0-0: Ground out 4-3 (Groundball, 4)
Bottom of the 7th over - 0 runs, 0 hits, 0 errors, 0 left on base; Ottawa 0 - Billings 0
TOP OF THE 8TH
Ottawa Nationals batting - Pitching for Billings Polar Bears : RHP Fernando Ramírez
Now in LF: Jun Kung
Batting: RHB Miguel González 0-0: Ground out 6-3 (Groundball, 6)
Batting: LHB Ed Mellor 0-0: Foul Ball, location: 2F
0-1: Ball
1-1: Called Strike
1-2: Reached on error, E7 (Flyball, 7LM)
Pinch Runner at 1st Gerald Mills:
Batting: RHB Mike Jennings Pickoff Throw to First - Error! E1
Gerald Mills to second
0-0: Called Strike
0-1: Ball
1-1: SINGLE (Flyball, 9)
Gerald Mills to third
Runner from 3rd tries for Home, SAFE, no throw
Batting: LHB Carlos Cirilli Pickoff Throw to First - Out!
0-0: Ball
1-0: Ground out 5-3 (Groundball, 56S)
Top of the 8th over - 1 run, 1 hit, 2 errors, 0 left on base; Ottawa 1 - Billings 0
BOTTOM OF THE 8TH
Billings Polar Bears batting - Pitching for Ottawa Nationals : LHP Eric Holder
Batting: LHB Mo-ruo Teoh 0-0: SINGLE (Line Drive, 4MD)
Pitching: RHP Giddy Potts
Batting: LHB Mark Armstead 0-0: Ball
1-0: Called Strike
1-1: Fielders Choice at 2nd, 3-6 (Groundball, 3)
Batting: SHB Kilipaki Malamapono 0-0: Called Strike
0-1: Foul Ball, location: 2F
0-2: Ball
1-2: Strikes out looking
Batting: LHB Jorge Vélez 0-0: Ball
1-0: Ball
2-0: Ground out 4-3 (Groundball, 4)
Bottom of the 8th over - 0 runs, 1 hit, 0 errors, 1 left on base; Ottawa 1 - Billings 0
TOP OF THE 9TH
Ottawa Nationals batting - Pitching for Billings Polar Bears : RHP Fernando Ramírez
Batting: RHB Júlio Robles 0-0: Fly out, F9 (Flyball, 89M)
Batting: RHB Vincente Fuentes 0-0: Swinging Strike
0-1: Ground out 3-1 (Groundball, 34)
Batting: LHB Jesús Mancía 0-0: Foul Ball, location: 2F
0-1: Ground out U3 (Groundball, 3S)
Top of the 9th over - 0 runs, 0 hits, 0 errors, 0 left on base; Ottawa 1 - Billings 0
BOTTOM OF THE 9TH
Billings Polar Bears batting - Pitching for Ottawa Nationals : RHP Giddy Potts
Pitching: LHP Ebby Calvin LaLoosh
Batting: RHB Luis Pérez 0-0: Ball
1-0: Ball
2-0: Ball
3-0: Called Strike
3-1: Swinging Strike
3-2: Foul Ball, location: 2F
3-2: Base on Balls
Batting: RHB Mick Spargo 0-0: Called Strike
Luis Pérez is caught stealing 2nd base
0-1: Ball
1-1: Ball
2-1: Swinging Strike
2-2: Foul Ball, location: 2F
2-2: SINGLE (Line Drive, 7S)
Batting: RHB Corey Dudding 0-0: Ball
1-0: SINGLE (Line Drive, 56D)
Mick Spargo to second
Batting: RHB Chuk-yan Yang 0-0: Called Strike
0-1: Foul Ball, location: 2F
0-2: Ball
1-2: Ball
2-2: Ground out 6-3 (Groundball, 6S)
Mick Spargo to third
Corey Dudding to second
Batting: RHB Jun Kung 0-0: Ground out 6-3 (Groundball, 6)
Bottom of the 9th over - 0 runs, 2 hits, 0 errors, 2 left on base; Ottawa 1 - Billings 0
Wednesday, September 19th, 2018 - OOTP Baseball 18.8 Build 76